 Dungeon Crawl Stone Soup version 0.29.1-15-g9cfb28693d (webtiles) character file.

Game seed: 14087008693793601827

25 hawla the Caller (level 3, -2/26 HPs)
             Began as a Meteoran Summoner on Apr 5, 2023.
             Slain by Grinder (6 damage)
             ... on level 3 of the Dungeon.
             The game lasted 00:02:20 (174 turns).

hawla the Caller (Meteoran Summoner)                 Turns: 174, Time: 00:02:21

Health: -2/26      AC:  2    Str: 10    XL:     3   Next: 38%
Magic:  8/8        EV: 12    Int: 18    God:
Gold:   12         SH:  0    Dex: 14    Spells: 1/7 levels left

rFire   . . .      SeeInvis .   e - +0 spear
rCold   . . .      Faith    .   (no shield)
rNeg    . . .      Spirit   .   a - +0 robe
rPois   .          Reflect  .   (no helmet)
rElec   .          Harm     .   (no cloak)
rCorr   .          Rampage  .   (no gloves)
Will    .....                   (no boots)
Stlth   +.........              (no amulet)
HPRegen 0.08/turn               (no ring)
MPRegen 0.11/turn               (no ring)

@: silenced, glowing
A: sense surroundings 1, otherworldly, glowing, explore regen
a: no special abilities


You were on level 3 of the Dungeon.
You visited 1 branch of the dungeon, and saw 3 of its levels.

You collected 12 gold pieces.

Inventory:

Hand Weapons
 e - a +0 spear (weapon)
Armour
 a - a +0 robe (worn)
Scrolls
 g - a scroll of poison {unknown}
 h - a scroll of magic mapping {unknown}
Potions
 b - a potion of magic
 c - a potion of heal wounds {unknown}
 d - 2 potions of flight {unknown}


   Skills:
 + Level 2.7 Dodging
 - Level 1.4 Stealth
 + Level 2.8 Spellcasting
 + Level 5.7 Summonings


You had one spell level left.
You knew the following spells:

 Your Spells              Type           Power      Damage    Failure   Level
a - Summon Small Mammal   Summ           92%        N/A       1%          1
b - Call Imp              Summ           23%        N/A       2%          2
c - Call Canine Familiar  Summ           23%        N/A       4%          3

Your spell library contained the following spells:

 Spells                   Type           Power      Damage    Failure   Level
 Summon Guardian Golem    Hex/Summ       12%        N/A       16%         3
 Summon Lightning Spire   Summ/Air       12%        N/A       45%         4


Dungeon Overview and Level Annotations

Branches:
Dungeon (3/15) Zot: 1623

Altars:

Annotations:
D:3 Grinder


Innate Abilities, Weirdness & Mutations

You passively map a small area around you.
You are easily found by Zot.
You glow in the dark.
You regain HP and MP as you explore.


Message History

The rat barely misses your quokka.
Your quokka misses the rat.
Your quokka bites the rat.
The rat dies!
You swap places.
You swap places.
Grinder comes into view.
You swap places.
You swap places.
Grinder hits your quokka.
Your quokka writhes in agony.
Your quokka dies!
Your quokka's corpse disappears in a puff of smoke!
Your bat barely misses Grinder.
Grinder barely misses your bat.
Unknown command.
Your bat barely misses Grinder.
Grinder gestures at you.
Your bat writhes in agony!
Your bat dies!
Your bat's corpse disappears in a puff of smoke!
As you read the scroll labelled XENNIL ZAXZEM KEC, it crumbles to dust.
A profound silence engulfs you.
It was a scroll of silence.
Grinder gestures at you.
You suddenly lose the ability to move!
You can move again.
You closely miss Grinder. Grinder closely misses you.
You hit Grinder.
Grinder is lightly wounded.
Grinder gestures at you. You resist with significant effort.
You barely miss Grinder.
Grinder is lightly wounded.
Grinder hits you!
You writhe in agony.
You closely miss Grinder.
Grinder is lightly wounded.
Grinder blinks!
You barely miss Grinder. Grinder gestures at you.
Pain shoots through your body!
* * * LOW HITPOINT WARNING * * *
Grinder hits you.
You die...

, * * , * ** *
* * , * , , *
* **
#############
* *
#....@5......
,
#.###########
#.#######
#.......# *
#..####.# * ,
#....##.# ,*
##.#.##.# *,,*
#......######
,,
####.###.....#


You could see Grinder (unsilenced).

Vanquished Creatures
  An adder (D:3)
  A kobold (D:1)
2 creatures vanquished.

Vanquished Creatures (collateral kills)
  2 worms (D:2)
  A ball python (D:1)
  2 goblins
  A kobold (D:1)
  A quokka (D:1)
  A frilled lizard (D:2)
  2 rats
10 creatures vanquished.

Grand Total: 12 creatures vanquished

Notes
Turn   | Place    | Note
-------+----------+-------------------------------------------
     0 | D:1      | hawla the Meteoran Summoner began the quest for the Orb.
     0 | D:1      | Reached XP level 1. HP: 14/14 MP: 5/5
    25 | D:1      | Reached skill level 5 in Summonings
    37 | D:1      | Reached XP level 2. HP: 17/20 MP: 6/6
    40 | D:1      | Learned a level 2 spell: Call Imp
   125 | D:3      | Reached XP level 3. HP: 15/26 MP: 5/8
   129 | D:3      | Learned a level 3 spell: Call Canine Familiar
   157 | D:3      | Noticed Grinder
   164 | D:3      | Paralysed by Grinder for 4 turns
   174 | D:3      | Slain by Grinder

Illustrated notes

Levels and vault maps discovered:
D:1:      psy_arrival_whirlpool, layout_basic, shapermc_ecumenical_altar_venn
D:2:      layout_basic, serial_shops, shop
D:3:      layout_loops_cross, st_stairs_2, uniq_terence, uniq_grinder

Skill      XL: |  1 |
---------------+----+-----
Summonings     | 5 |  5.7
Dodging        | |  2.7
Stealth        | |  1.4
Spellcasting   | |  2.8

Action                   || total
-------------------------++-------
Melee: Unarmed           ||     8
       Spear             ||    12
       Punch             ||     1
 Cast: Summon Small Mamm ||    10
       Call Imp          ||     2
  Use: Scroll            ||     1
Armor: Robe              ||     5
Dodge: Dodged            ||    13
